 Dungeon Crawl Stone Soup version 0.22.1-1-ga44c0e56f4 (webtiles) character file.

162 Nebulos the Firebug (level 5, 0/28 HPs)
             Began as a Deep Elf Fire Elementalist on Sept 21, 2018.
             Killed from afar by an orc wizard (8 damage)
             ... with a puff of flame
             ... on level 3 of the Dungeon.
             The game lasted 00:06:20 (2265 turns).

Nebulos the Firebug (Deep Elf Fire Elementalist)    Turns: 2265, Time: 00:06:21

Health: 0/28       AC:  3    Str:  8    XL:     5   Next: 19%
Magic:  4/13       EV: 13    Int: 21    God:
Gold:   162        SH:  0    Dex: 15    Spells: 5/13 levels left

rFire    . . .     SeeInvis +   d - +0 short sword
rCold    . . .     Gourm    .   (no shield)
rNeg     . . .     Faith    .   a - +0 robe
rPois    .         Spirit   .   (no helmet)
rElec    .         Reflect  .   (no cloak)
rCorr    .         Harm     .   n - +0 pair of gloves
MR       .....                  (no boots)
Stlth    ++........             j - amulet of magic regeneration
HPRegen  0.09/turn              b - ring of see invisible
MPRegen  0.38/turn              q - +3 ring of strength

@: very slightly contaminated
A: no striking features
a: no special abilities


You were on level 3 of the Dungeon.
You were near starving.

You visited 1 branch of the dungeon, and saw 3 of its levels.

You collected 162 gold pieces.

Inventory:

Hand Weapons
 d - a +0 short sword (weapon)
Armour
 a - a +0 robe (worn)
 n - a +0 pair of gloves (worn)
Jewellery
 b - a ring of see invisible (left hand)
 e - an uncursed amulet of rage {unknown}
 j - an amulet of magic regeneration (around neck)
 l - an uncursed ring of protection from fire
 q - a +3 ring of strength (right hand)
Wands
 k - a wand of random effects (15)
Scrolls
 f - a scroll of fear
 h - a scroll of remove curse
 m - 2 scrolls of enchant armour
 p - a scroll of teleportation
 r - a scroll of noise {unknown}
 s - a scroll of magic mapping {unknown}
Potions
 g - 2 potions of might
 i - a potion of berserk rage {unknown}
 o - a potion of curing
Comestibles
 c - 9 rations


   Skills:
 + Level 0.2 Fighting
 + Level 3.1 Dodging
 - Level 2.4 Stealth
 + Level 4.5 Spellcasting
 + Level 2.2 Conjurations
 + Level 5.0 Fire Magic


You had 5 spell levels left.
You knew the following spells:

 Your Spells              Type           Power        Failure   Level  Hunger
a - Flame Tongue          Conj/Fire      ###..        2%          1    None
b - Conjure Flame         Conj/Fire      ###.....     8%          3    ##.....
c - Sticky Flame          Conj/Fire      ###.....     26%         4    ####...

Your spell library contained the following spells:

 Spells                   Type           Power        Failure   Level  Hunger
 Throw Flame              Conj/Fire      ###...       3%          2    #......
 Inner Flame              Hex/Fire       ###.....     12%         3    ##.....
 Fireball                 Conj/Fire      ###.......   56%         5    ######.


Dungeon Overview and Level Annotations

Branches:
Dungeon (3/15)

Altars:
Qazlal
Trog
Xom
Zin


Message History

Press: ? - help, Shift-Dir - straight line, f/p - orc priest
Aim: an orc priest, wielding a morningstar The sticky flame hits the orc priest.
The orc priest is moderately wounded.
The orc priest is covered in liquid flames!
You are near starving!
The orc priest burns!
The orc priest looks encouraged for a moment.
The orc priest burns!
The orc priest invokes the aid of Beogh against you.
Beogh smites you!
Ouch! That really hurt!
* * * LOW HITPOINT WARNING * * *
The orc priest burns!
You kill the orc priest!
Your Fire Magic skill increases to level 5!
You have reached level 5!
The orc wizard casts a spell at you. The puff of flame hits you!
You die...

### ###...#####################
..'o.oo)..@................
.....#.##...#####................
#....#.#### #.###############
.....#.# #.# ####### #. #....#.#
#.#####.....####. #....#.#######
#.##............. #....#.......#
#.##............. #<...#.......#
#.##.............
#.).#.......####.##.............


You could see 2 orc wizards and an orc.

Vanquished Creatures
  2 orc priests (D:3)
  Terence (D:2)
  2 adders (D:2)
  A worm (D:2)
  A dart slug (D:1)
  A leopard gecko (D:3)
  5 orcs (D:3)
  A giant cockroach (D:2)
  9 goblins
  7 hobgoblins
  A quokka (D:2)
  3 bats
  6 frilled lizards
  8 kobolds
  5 rats
53 creatures vanquished.

Notes
Turn   | Place    | Note
-------+----------+-------------------------------------------
     0 | D:1      | Nebulos the Deep Elf Fire Elementalist began the quest for
                  | the Orb.
     0 | D:1      | Reached XP level 1. HP: 10/10 MP: 6/6
   244 | D:1      | Reached XP level 2. HP: 12/15 MP: 2/8
   788 | D:2      | Noticed Terence
   799 | D:2      | Killed Terence
   799 | D:2      | Reached skill level 4 in Fire Magic
   799 | D:2      | Reached XP level 3. HP: 15/19 MP: 1/10
  1067 | D:2      | Learned a level 3 spell: Conjure Flame
  1160 | D:2      | Found a glowing silver altar of Zin.
  1160 | D:2      | Found a stormy altar of Qazlal.
  1292 | D:2      | Reached XP level 4. HP: 24/24 MP: 10/12
  1367 | D:2      | Learned a level 4 spell: Sticky Flame
  1847 | D:3      | Found a shimmering altar of Xom.
  1847 | D:3      | Found a bloodstained altar of Trog.
  2265 | D:3      | Reached skill level 5 in Fire Magic
  2265 | D:3      | Reached XP level 5. HP: 8/28 MP: 4/13
  2265 | D:3      | Killed from afar by an orc wizard

Skill      XL: |  1  2  3  4 |
---------------+-------------+-----
Fire Magic     | 4 5 |  5.0
Spellcasting   | 4 |  4.5
Dodging        | 3 |  3.1
Conjurations   | 2 |  2.2
Fighting       | |  0.2
Stealth        | |  2.4

Action                   |  1- 3 |  4- 6 || total
-------------------------+-------+-------++-------
Melee: Short sword       |    23 |    19 ||    42
 Cast: Flame Tongue      |    49 |    34 ||    83
       Sticky Flame      |       |     3 ||     3
  Use: Scroll            |     4 |     2 ||     6
 Stab: Sleeping          |     1 |     1 ||     2
  Eat: Chunk             |     1 |     2 ||     3
Armor: Robe              |     8 |    12 ||    20
Dodge: Dodged            |    29 |    16 ||    45
